Cogmind - Beta 10.2 @@@ ROGUE MODE // 2022.01.30 @ 22:05:17 Player: Space Ox Result: Self-destructed Performance ------------- Evolutions (1) 500 Regions Visited (2) 400 Robots Destroyed (31) 155 Value Destroyed (489) 489 Prototype IDs (3) 60 Alien Tech Used (0) 0 Bonus (0) 0 TOTAL SCORE: 1604 Bonus ------- None Cogmind --------- Core Integrity 156/400 Matter 123/500 Energy 280/280 System Corruption 0% Temperature Cool (0) Movement Treading (160) Location -9/Materials Parts ------- > --- POWER (1) -------- Cooled Ion Engine > --- PROPULSION (2) --- Light Treads Light Treads > --- UTILITY (4) ------ Small Storage Unit High-capacity Matter Pod Improved Sensor Array Transport Network Coupler > --- WEAPON (2) ------- (None) > --- INVENTORY (6) ---- Ion Engine Heavy Ion Engine Light Treads Light Armor Plating Medium Armor Plating Medium Armor Plating Peak State ------------ > --- POWER ------------ Cooled Ion Engine > --- PROPULSION ------- Light Treads Light Treads > --- UTILITY ---------- Small Storage Unit High-capacity Matter Pod Improved Sensor Array Transport Network Coupler > --- WEAPON ----------- Improved Medium Laser Grenade Launcher > --- INVENTORY -------- Ion Engine Heavy Ion Engine Mining Laser Plasma Cutter [Rating: 14] Favorites ----------- Power Ion Engine Engine Ion Engine Propulsion Light Treads Treads Light Treads Wheel Wheel Utility Small Storage Unit Device Improved Sensor Array Storage Small Storage Unit Processor Transport Network Coupler Weapon Small Laser Energy Gun Small Laser Ballistic Gun Assault Rifle Launcher Grenade Launcher Special Weapon Mining Laser Build | -11 -10 -9 ------- Run | Scr Mat Mat Slots Evolved 2 | . . 2 Power . | . . . Propulsion . | . . . Utility 2 | . . 2 Weapon . | . . . Parts Attached 27 | 6 7 14 Power 4 | 1 1 2 Engine 4 | 1 1 2 Core . | . . . Reactor . | . . . Propulsion 9 | 2 2 5 Treads 7 | 2 . 5 Leg . | . . . Wheel 2 | . 2 . Hover . | . . . Flight . | . . . Utility 5 | 1 2 2 Device 1 | . . 1 Storage 3 | 1 2 . Processor 1 | . . 1 Hackware . | . . . Protection . | . . . Artifact . | . . . Weapon 9 | 2 2 5 Energy Gun 4 | 2 . 2 Energy Cannon . | . . . Ballistic Gun 1 | . 1 . Ballistic Cannon . | . . . Launcher 1 | . 1 . Special Weapon 3 | . . 3 Impact Weapon . | . . . Slashing Weapon . | . . . Piercing Weapon . | . . . Special Melee Weapon . | . . . Unidentified Prototypes 3 | . . 3 Parts Lost 12 | . 2 10 Power . | . . . Propulsion 3 | . . 3 Utility . | . . . Weapon 9 | . 2 7 Highest Loss Streak 5 | . 2 5 Average Slot Usage (%) 91 | . 93 88 Engine 12 | . 14 11 Treads 19 | . 24 13 Wheel 5 | . 3 7 Device 4 | . . 10 Storage 22 | . 22 22 Processor 4 | . . 8 Energy Gun 10 | . 16 3 Ballistic Gun 3 | . 5 . Launcher 6 | . 5 6 Special Weapon 2 | . . 6 Naked Turns . | . . . Heaviest Build 23 | 11 18 23 Greatest Support 40 | 40 40 40 Greatest Overweight (x) 2 | 2 . 1 Average Overweight (x) . | . . . Largest Inventory Capacity 6 | 6 6 6 Average Capacity 5 | 4 6 6 Most Carried 6 | 5 6 6 Average Carried 5 | 2 5 5 Final Capacity 6 | 6 6 6 Final Carried 6 | 5 6 6 Class Distribution -------------------- 100% | Mutant Dominant Class ---------------- Mutant | -10/Materials Mutant | -9/Materials Resources | -11 -10 -9 ----------- Run | Scr Mat Mat Matter Collected 538 | 250 63 225 Remotely . | . . . Salvage Created 647 | 69 240 338 Parts 63 | 2 28 33 Haulers Intercepted 4 | . 1 3 Recyclers Shooed . | . . . Parts Field Recycled . | . . . Retrieved Matter . | . . . Parts Self-Destructed . | . . . Prevented . | . . . Kills | -11 -10 -9 ------- Run | Scr Mat Mat Combat Hostiles Destroyed 12 | . 5 7 Guns 3 | . 2 1 Cannons 1 | . . 1 AOE 8 | . 3 5 Classes Destroyed 8 | 1 6 1 Worker 8 | . 5 3 Hauler 4 | . 1 3 Recycler 1 | 1 . . Operator 1 | . 1 . Watcher 5 | . 2 3 Swarmer 5 | . 3 2 Grunt 4 | . 2 2 Sentry 3 | . . 3 Best Kill Streak 11 | 1 8 11 Combat Bots Only 3 | . 3 2 Max Kills in Single Turn 3 | 1 3 2 Gunslinging . | . . . Exploded 2 | . 2 1 Melee . | . . . Uniques/NPCs Destroyed . | . . . Combat | -11 -10 -9 -------- Run | Scr Mat Mat Damage Taken 1525 | . 455 1070 Core 308 | . 64 244 Absorbed by Shields . | . . . Core Remaining (%) 87 | 100 74 . Volleys Fired 61 | 5 26 30 Largest 2 | 2 2 2 Hottest 156 | 80 80 156 Shots Fired 92 | 10 46 36 Gun 59 | 10 38 11 Cannon . | . . . Launcher 26 | . 8 18 Special 7 | . . 7 Kinetic 10 | . 10 . Thermal 56 | 10 28 18 Explosive 26 | . 8 18 Electromagnetic . | . . . Robot Hit Streak 8 | 5 8 5 Robot Miss Streak 3 | 1 3 3 Penetration Max . | . . . Secondary Targets . | . . . Shots Hit Robots 56 | 7 30 19 Core Hits 47 | 2 22 23 Critical Hits . | . . . Critical Kills . | . . . Critical Parts Destroyed . | . . . Melee Attacks . | . . . Impact . | . . . Slashing . | . . . Piercing . | . . . Sneak Attacks . | . . . Combat Hostiles . | . . . Follow-up Attacks . | . . . Damage Inflicted 1691 | 78 705 908 Guns 389 | 78 229 82 Cannons . | . . . Explosions 1254 | . 476 778 Melee . | . . . Ramming . | . . . Kinetic 81 | . 81 . Thermal 356 | 78 148 130 Explosive 1254 | . 476 778 Electromagnetic . | . . . Impact . | . . . Slashing . | . . . Piercing . | . . . Highest Corruption . | . . . Average Corruption . | . . . Corruption Purged . | . . . Overload Shots . | . . . Overflow Damage 35 | . 35 . Projectiles . | . . . Explosions 35 | . 35 . Melee . | . . . Knockbacks . | . . . Impact . | . . . Kinetic . | . . . Secondary . | . . . Self-Inflicted Damage 309 | . 166 143 Shots 12 | . 6 6 Rammed . | . . . Targets Rammed . | . . . Kicked . | . . . Crushed . | . . . Highest Temperature 276 | 72 276 57 Average Temperature 88 | 33 139 23 Received Heat Transfer 297 | . 150 147 Siege Activations . | . . . Robots Corrupted . | . . . Combat Hostiles . | . . . Parts Fried . | . . . Impact Corruptions . | . . . Robots Melted . | . . . Combat Hostiles . | . . . Parts Melted 1 | . 1 . Heat Transferred 834 | 175 350 309 Parts Sabotaged . | . . . Parts Stolen . | . . . Parts Stripped . | . . . Power Chain Reactions . | . . . Missiles Intercepted . | . . . Alert | -11 -10 -9 ------- Run | Scr Mat Mat Peak Influence 268 | 5 221 268 Initial 16 | . 3 16 Average 104 | 1 65 180 Maximum Alert Level 1 | . 1 1 Low Security (%) 64 | 100 80 34 Level 1 35 | . 19 65 Level 2 . | . . . Level 3 . | . . . Level 4 . | . . . Level 5 . | . . . High Security . | . . . Max Security . | . . . Squads Dispatched 2 | . 2 . Investigation . | . . . Extermination . | . . . Reinforcement 2 | . 2 . Assault . | . . . Garrison . | . . . Intercept . | . . . Construction Impeded . | . . . Haulers Reinforced . | . . . Stealth | -11 -10 -9 --------- Run | Scr Mat Mat Distress Signals 3 | . . 3 Communications Jammed . | . . . Distress Signals . | . . . Times Spotted 27 | . 12 15 Peak Tracking Total 3 | . 3 3 Tactical Retreats 1 | . 1 . Traps | -11 -10 -9 ------- Run | Scr Mat Mat Traps Triggered . | . . . Indirectly . | . . . Trap Hack Attempts . | . . . Triggered . | . . . Disarmed . | . . . Reprogrammed . | . . . Reused . | . . . Traps Extracted . | . . . Installed . | . . . Triggered . | . . . Machines | -11 -10 -9 ---------- Run | Scr Mat Mat Machines Disabled 5 | . 3 2 Max in Single Turn 1 | . 1 1 Machines Sabotaged . | . . . Garrisons Compromised . | . . . Overloaded Fab Kills . | . . . Fab Network Shutdowns . | . . . Hacking | -11 -10 -9 --------- Run | Scr Mat Mat Machines Accessed 2 | . 2 . Terminals 2 | . 2 . Fabricators . | . . . Repair Stations . | . . . Recycling Units . | . . . Scanalyzers . | . . . Garrison Access . | . . . Total Hacks 2 | . 2 . Successful 2 | . 2 . Failed . | . . . Catastrophic . | . . . Database Lockouts . | . . . Manual . | . . . Terminals 2 | . 2 . Fabricators . | . . . Repair Stations . | . . . Recycling Units . | . . . Scanalyzers . | . . . Garrison Access . | . . . Terminal Hacks 2 | . 2 . Record 1 | . 1 . Emergency Access Points 1 | . 1 . Fabricator Hacks . | . . . Repair Station Hacks . | . . . Recycling Unit Hacks . | . . . Scanalyzer . | . . . Garrison Access Hacks . | . . . Unauthorized Hacks . | . . . Terminals . | . . . Fabricators . | . . . Repair Stations . | . . . Recycling Units . | . . . Scanalyzers . | . . . Garrison Access . | . . . Data Cores Recovered . | . . . Used . | . . . Hacking Detections . | . . . Full Trace Events . | . . . Feedback Events . | . . . Feedback Blocked . | . . . Robot Schematics Acquired . | . . . Robots Built . | . . . Matter . | . . . Time . | . . . Total Robot Build Rating . | . . . Part Schematics Acquired . | . . . Parts Built . | . . . Matter . | . . . Time . | . . . Total Part Build Rating . | . . . Parts Repaired . | . . . Time . | . . . Parts Recycled . | . . . Recycled Matter . | . . . Retrieved Matter . | . . . Retrieved Components . | . . . Parts Scanalyzed . | . . . Part Schematics Acquired . | . . . Parts Damaged . | . . . Bothacking | -11 -10 -9 ------------ Run | Scr Mat Mat Used RIF Installer . | . . . Robots Hacked . | . . . Non-combat . | . . . Combat . | . . . Robot Hacks Applied . | . . . Relay Couplers Released . | . . . Robots Rewired . | . . . Allies Hacked . | . . . Hacks Repelled . | . . . Allies | -11 -10 -9 -------- Run | Scr Mat Mat Total Allies . | . . . Largest Group . | . . . Highest-Rated Group . | . . . Highest-Rated Ally . | . . . Total Orders . | . . . Ally Attacks . | . . . Total Damage . | . . . Kills . | . . . Allies Corrupted . | . . . Allies Melted . | . . . Intel | -11 -10 -9 ------- Run | Scr Mat Mat Robot Analysis Total . | . . . Derelict Logs Recovered . | . . . Drone Launches . | . . . Drone Recoveries . | . . . Exploration | -11 -10 -9 ------------- Run | Scr Mat Mat Turns Passed 883 | 113 412 358 Spaces Moved 482 | 56 233 193 Core 17 | 17 . . Treads 317 | 39 177 101 Legs . | . . . Wheels 148 | . 56 92 Hover . | . . . Flight . | . . . Fastest Speed 50 | 50 80 80 Average Speed 134 | 147 140 122 Slowest Speed 180 | 160 160 180 Overloaded Moves . | . . . Propulsion Burnouts . | . . . Robots Hopped . | . . . Cave-ins Triggered . | . . . Exploration Rate (%) 29 | 6 59 24 Regions Visited 2 Branch Regions . Pre-discovered Areas . | . . . Known Exits Taken . | . . . Unknown Exits Taken 2 | 1 1 . Scrap Searched . | . . . Spaces Dug . | . . . Terrain Destroyed 144 | . 46 98 Melee . | . . . Projectile 1 | . . 1 AOE 143 | . 46 97 Terrain Rammed . | . . . Walls Destroyed . | . . . Machines Disabled . | . . . Actions | -11 -10 -9 --------- Run | Scr Mat Mat Total 617 | 76 269 272 Wait 3 | . . 3 Move 480 | 55 232 193 Hop . | . . . Pick Up 33 | 10 3 20 Fast Attach 3 | 1 1 1 Attach 17 | 5 2 10 Detach . | . . . Swap 8 | . 4 4 Drop 12 | . 1 11 Fire 61 | 5 26 30 Melee . | . . . Ram . | . . . Kick . | . . . Crush . | . . . Escape Stasis . | . . . Rewire . | . . . Trap . | . . . Miscellaneous . | . . . Route ------- -11/Scrapyard -10/Materials (discovered 3 exits: [*Mat x2] / [*Min]) -9/Materials History --------- Turn | Location | Event 19 | -11/Scrapyard | Discovered new exit (range 16) 114 | -11/Scrapyard | Entered Materials 243 | -10/Materials | Discovered new exit (range 5) 312 | -10/Materials | Build established: Mutant 376 | -10/Materials | Discovered new exit (range 15) 510 | -10/Materials | Discovered new exit (range 7) 526 | -10/Materials | Entered another Materials area 526 | -9/Materials | Evolved 2 slots: Utility x2 800 | -9/Materials | Lost 5 parts (2n3w) 866 | -9/Materials | Core integrity fell below 50% 877 | -9/Materials | Lost 3 parts (1n2w) 884 | -9/Materials | Self-destructed Last Messages --------------- 00790_ Acquired Med. Armor Plating. 00799_ U-05 Engineer lays Concrete. 00802_ Acquired Beam Rifle. 00802_ U-05 Engineer lays Concrete. 00804_ U-05 Engineer builds a Wall. 00808_ U-05 Engineer lays Concrete. 00809_ U-05 Engineer builds a Wall. 00816_ U-05 Engineer lays Concrete. 00827_ Beam Rifle destroyed. 00827_ U-05 Engineer lays Concrete. 00833_ Mining Laser destroyed. 00835_ U-05 Engineer lays Concrete. 00846_ Lgt. Treads destroyed. 00847_ U-05 Engineer lays Concrete. 00858_ U-05 Engineer builds a Wall. 00859_ U-05 Engineer lays Concrete. 00869_ Acquired Lgt. Treads. 00871_ Acquired 6 matter. 00874_ Acquired 3 matter. 00879_ Acquired 9 matter. Map ----- +----------------------------------------------------+ | ?????????? T ## # #?????????????? | | ?????????? ## # [ != #????????? | | ???????????###### # # *% != #????????? | | ??????????????###### ## # # ! # = #????????? | | ??????????????# # ## # ?????????? | | ??????????????# # # # ?????????? | | ??????????????#### # ##### # ??????????? | | ?????????????????# ## ##???###+###??????????? | | ?????????????????######?# #??????? #??????????? | | ????????????????????????# ###### #??????????? | | ????????????????????????# #??????????? | | ????????????????????????# t### #??????????? | | ????????????????????????# #??????????????????? | | ????????????????????????# #??????????????????? | | ????????????????????????# #??????????????????? | | ????????????????????????#t #??????????????????? | | ????????????????????????# #??????????????????? | | ????????????????????????# #????a?????????????? | | ????????????????????????#u #??????????????????? | | ????????????????????????# #??????????????????? | | ????????????????????????# #??????????????????? | | ??????# ????????#######?# #??????????????????? | | ??????# ####### #?# #??????????????????? | | ?????## ### #??????????????????? | | ???? = s # #??????????????????? | | ??????# ?###@ # #??????????????????? | | ??????????###### ? ####### #??????????????????? | | ???????? ## !##### ## #??????????????????? | | ???? """"" ??## ## #+####???????????????? | | ????????????????# ## ! # #???????????????? | | ????????????????## ## !* # "" #?#?????????????? | | ????????????????## ## !! "T # ######+###????? | | ?????????######## ? # !* # "" # ^ #????? | | ?????? ? # ? + #????? | | ?????? + " ^ #????? | | ?????? # # """" #????? | | ???????##+####### # " #? ^"""" #????? | | ????????????????### ### !#? """"????????? | | ??????????????????# #?# " #####?? ????????? | | ??????????????????# #?# ##?????? ???????? | | ??????????????????# ??#######???????? = ???????? | | ??????????????????# ????????????????? ??????? | | ??????????????????# ?????????????????? ??????? | | ??????????????????# ?????????????????? ??????? | | ??????????????????? ??????????????????? ?????? | | ??????????????????????????????????????? ??????? | | ???????????????????????????????????????? ????????? | | ?????????????????????????????????????????????????? | | ?????????????????????????????????????????????????? | | ?????????????????????????????????????????????????? | +----------------------------------------------------+ Best States ------------- Heat Dissipation 28 Energy Generation 14 Energy Capacity 280 Matter Stores 290 Matter Capacity 500 Sight Range 16 Robot Scan Range 13 Terrain Scan Density 10 Evasion (%) 44 Recoil Reduction 2 Item Schematics ----------------- None Robot Schematics ------------------ None Fabricated ------------ Nothing Alien Tech Used ----------------- None Achievements -------------- Risk Taker Challenges ------------ None Game ------ Seed LongswordStealthShield Manual? 0 Play Time 00:18:20 Cumulative 14.1 hours Start 2022.01.30 @ 15:51:24 End 2022.01.30 @ 22:05:17 Sessions 2 Manual Loads 0 Difficulty Rogue Special Mode None Game No. 12 Rogue 5 Adventurer 2 Explorer 5 Win Type - Total 0 Types 0/0/0/0/0/0/0/0/0 Lore% 10 Gallery% 18 Achievement% 19 Wizard Run 0 Options --------- ASCII 0 Keyboard 0 Movement Mouse Keybinds 0 Fullscreen 0 Font 16/SmallcapsGlow Map View 76x50 Tactical HUD 1 Map Filters NONE Filters NONE Steam 1 RUN: a8647875-a419-4482-91d0-d2e4966fd498